 Dungeon Crawl Stone Soup version 0.29.0-4-gdea44cf6ec (webtiles) character file.

Game seed: 895483253648653631

120 qw the Caller (level 5, -2/42 HPs)
             Began as a Ghoul Summoner on Sept 9, 2022.
             Slain by an iron imp (8 damage)
             ... summoned by Natasha
             ... on level 3 of the Dungeon.
             The game lasted 00:01:38 (3492 turns).

qw the Caller (Ghoul Summoner)                      Turns: 3492, Time: 00:01:38

Health: -2/42      AC:  9    Str: 14    XL:     5   Next: 4%
Magic:  6/6        EV:  6    Int: 10    God:
Gold:   159        SH:  0    Dex:  9    Spells: 6/7 levels left

rFire   . . .      SeeInvis .   d - +0 hand axe
rCold   + . .      Faith    .   (no shield)
rNeg    + + +      Spirit   .   c - +0 chain mail
rPois   inf        Reflect  .   (no helmet)
rElec   .          Harm     .   (no cloak)
rCorr   .          Rampage  .   g - +0 pair of gloves
Will    .....                   (no boots)
Stlth   ..........              (no amulet)
HPRegen 0.00/turn               (no ring)
MPRegen 0.10/turn               (no ring)

@: inhibited regen, slowed, very slow
A: claws 1, cold resistance 1, negative energy resistance 3, inhibited
regeneration, torment resistance 2, devour on kill
a: no special abilities


You were on level 3 of the Dungeon.
You visited 1 branch of the dungeon, and saw 3 of its levels.

You collected 159 gold pieces.


Innate Abilities, Weirdness & Mutations

You are immune to poison.
You have sharp fingernails.
Your flesh is cold resistant. (rC+)
You are immune to negative energy. (rN+++)
You do not regenerate when monsters are visible.
You are immune to unholy pain and torment.
You thrive by killing the living.


   Skills:
 - Level 2.3 Fighting
 + Level 3.1 Axes
 - Level 1.0 Armour
 - Level 1.7 Dodging
 - Level 2.1 Stealth
 - Level 1.7 Spellcasting
 - Level 3.6 Summonings


You had 6 spell levels left.
You knew the following spells:

 Your Spells              Type           Power      Damage    Failure   Level
a - Summon Small Mammal   Summ           32%        N/A       91%         1

Your spell library contained the following spells:

 Spells                   Type           Power      Damage    Failure   Level
 Call Imp                 Summ           8%         N/A       97%         2
 Call Canine Familiar     Summ           8%         N/A       99%         3
 Summon Guardian Golem    Hex/Summ       4%         N/A       100%        3
 Summon Lightning Spire   Summ/Air       4%         N/A       100%        4

Inventory:

Hand Weapons
 d - a +0 hand axe (weapon)
 e - a +0 club
Armour
 b - a +0 helmet
 c - a +0 chain mail (worn)
 g - a +0 pair of gloves (worn)
Potions
 a - a potion of lignification {unknown}
 f - a potion of curing

Dungeon Overview and Level Annotations

Branches:
Dungeon (3/15)

Altars:

Annotations:
D:3 Natasha


Message History

You feel yourself slow down.
You closely miss Natasha.
Natasha is moderately wounded.
Natasha claws you but does no damage.
You miss Natasha.
Natasha is moderately wounded.
Natasha claws you but does no damage. Natasha claws you.
You barely miss Natasha.
Natasha is moderately wounded.
Natasha mumbles some strange words.
Natasha casts a spell.
You hit Natasha but do no damage.
Natasha is moderately wounded.
You hit the crimson imp.
Natasha casts a spell.
The crimson imp hits you but does no damage.
Natasha claws you.
You hit Natasha but do no damage.
Natasha is moderately wounded.
You closely miss the iron imp. You miss the crimson imp.
The crimson imp hits you.
Natasha mumbles some strange words.
You feel troubled. Natasha claws you but does no damage. The iron imp hits you.
The crimson imp closely misses you.
You hit Natasha.
Natasha is severely wounded.
You closely miss the crimson imp. You barely miss the iron imp.
Natasha extends her claws.
Natasha claws you!
The crimson imp hits you but does no damage.
The iron imp completely misses you. Natasha claws you but does no damage.
The crimson imp closely misses you.
You hit Natasha.
Natasha is almost dead.
You closely miss the crimson imp. You hit the iron imp.
Natasha extends her claws.
Natasha stares at you and mumbles some strange words.
The magic dart hits you but does no damage.
The iron imp hits you!
You die...

# #. ### .# #####.
..# .# ......
#.##.# ######
#.#..# #######.#|#
#...5gh.5.# #@..#
#.5.# #...#
#...##############
#.#...............
#.>:............##
#.#############.##
...# #... ####
####


You could see an iron imp (summoned), Natasha, 2 crimson imps and a hobgoblin.

Vanquished Creatures
  Robin (D:3)
  4 adders (D:2)
  A worm (D:2)
  2 dart slugs
  An orc (D:3)
  4 ball pythons
  4 endoplasms
  4 giant cockroaches
  7 goblins
  10 hobgoblins
  4 jackals (D:2)
  5 bats
  A frilled lizard (D:2)
  2 kobolds
50 creatures vanquished.

Vanquished Creatures (collateral kills)
  An endoplasm (D:1)
  A hobgoblin (D:1)
  3 quokkas (D:1)
  2 ball pythons (D:1)
  A bat (D:1)
8 creatures vanquished.

Grand Total: 58 creatures vanquished

Notes
Turn   | Place    | Note
-------+----------+-------------------------------------------
     0 | D:1      | qw the Ghoul Summoner began the quest for the Orb.
     0 | D:1      | Reached XP level 1. HP: 14/14 MP: 2/2
     0 | D:1      | 0 ||| qw: Version: 0.1-a-113-g051387a
     0 | D:1      | 0 ||| qw: Game counter: 7055
     0 | D:1      | 0 ||| qw: Always use a shield: true
     0 | D:1      | 0 ||| qw: God list: Okawaru
     0 | D:1      | 0 ||| qw: Allow faded altars: false
     0 | D:1      | 0 ||| qw: Do Orc after D:15 true
     0 | D:1      | 0 ||| qw: Do second Lair branch before Depths: true
     0 | D:1      | 0 ||| qw: Lair rune preference: random
     0 | D:1      | 0 ||| qw: Plans: Normal
     0 | D:1      | 0 ||| PLANNING D:1-11
    27 | D:1      | 27 ||| CASTING Summon Small Mammal
    28 | D:1      | 28 ||| CASTING Summon Small Mammal
    74 | D:1      | 74 ||| Wielding weapon +0 dagger.
    90 | D:1      | 90 ||| CASTING Summon Small Mammal
    91 | D:1      | 91 ||| CASTING Summon Small Mammal
   118 | D:1      | 118 ||| CASTING Summon Small Mammal
   119 | D:1      | 119 ||| CASTING Summon Small Mammal
   154 | D:1      | 154 ||| SWAPPING to +0 club.
   155 | D:1      | 155 ||| DROPPING +0 dagger.
   185 | D:1      | 185 ||| CASTING Summon Small Mammal
   186 | D:1      | 186 ||| CASTING Summon Small Mammal
   189 | D:1      | Reached skill level 1 in Axes
   233 | D:1      | 233 ||| CASTING Summon Small Mammal
   234 | D:1      | 234 ||| CASTING Summon Small Mammal
   245 | D:1      | 245 ||| CASTING Summon Small Mammal
   325 | D:1      | 325 ||| CASTING Summon Small Mammal
   326 | D:1      | 326 ||| CASTING Summon Small Mammal
   329 | D:1      | Reached XP level 2. HP: 22/22 MP: 0/3
   394 | D:1      | 394 ||| CASTING Summon Small Mammal
   395 | D:1      | 395 ||| CASTING Summon Small Mammal
   396 | D:1      | 396 ||| CASTING Summon Small Mammal
   403 | D:1      | Reached skill level 1 in Fighting
   437 | D:1      | 437 ||| CASTING Summon Small Mammal
   438 | D:1      | 438 ||| CASTING Summon Small Mammal
   439 | D:1      | 439 ||| CASTING Summon Small Mammal
   445 | D:1      | 445 ||| Stepping ~*~*~tactically~*~*~ (hiding).
   446 | D:1      | 446 ||| Stepping ~*~*~tactically~*~*~ (hiding).
   449 | D:1      | 449 ||| CASTING Summon Small Mammal
   468 | D:1      | 468 ||| Stepping ~*~*~tactically~*~*~ (stealth).
   469 | D:1      | 469 ||| Stepping ~*~*~tactically~*~*~ (stealth).
   470 | D:1      | 470 ||| CASTING Summon Small Mammal
   473 | D:1      | 473 ||| CASTING Summon Small Mammal
   533 | D:1      | Noticed a shining eye
   535 | D:1      | Found a faded altar of an unknown god.
   539 | D:1      | Noticed a great orb of eyes
   539 | D:1      | Noticed a great orb of eyes
   539 | D:1      | Noticed a golden eye
   580 | D:1      | 580 ||| CASTING Summon Small Mammal
   581 | D:1      | 581 ||| CASTING Summon Small Mammal
   582 | D:1      | 582 ||| CASTING Summon Small Mammal
   631 | D:1      | 631 ||| CASTING Summon Small Mammal
   632 | D:1      | 632 ||| CASTING Summon Small Mammal
   633 | D:1      | 633 ||| CASTING Summon Small Mammal
   681 | D:1      | 681 ||| CASTING Summon Small Mammal
   682 | D:1      | 682 ||| CASTING Summon Small Mammal
   683 | D:1      | 683 ||| CASTING Summon Small Mammal
   694 | D:1      | 694 ||| CASTING Summon Small Mammal
   831 | D:1      | 831 ||| CASTING Summon Small Mammal
   832 | D:1      | 832 ||| CASTING Summon Small Mammal
   833 | D:1      | 833 ||| CASTING Summon Small Mammal
   843 | D:1      | 843 ||| CASTING Summon Small Mammal
   941 | D:1      | 941 ||| CASTING Summon Small Mammal
   942 | D:1      | 942 ||| CASTING Summon Small Mammal
   943 | D:1      | 943 ||| CASTING Summon Small Mammal
   954 | D:1      | 954 ||| CASTING Summon Small Mammal
  1233 | D:1      | 1233 ||| CASTING Summon Small Mammal
  1234 | D:1      | 1234 ||| CASTING Summon Small Mammal
  1235 | D:1      | 1235 ||| CASTING Summon Small Mammal
  1289 | D:1      | 1289 ||| CASTING Summon Small Mammal
  1290 | D:1      | 1290 ||| CASTING Summon Small Mammal
  1291 | D:1      | 1291 ||| CASTING Summon Small Mammal
  1300 | D:1      | 1300 ||| CASTING Summon Small Mammal
  1366 | D:1      | 1366 ||| CASTING Summon Small Mammal
  1367 | D:1      | 1367 ||| CASTING Summon Small Mammal
  1368 | D:1      | 1368 ||| CASTING Summon Small Mammal
  1372 | D:1      | Reached XP level 3. HP: 28/28 MP: 0/4
  1413 | D:1      | 1413 ||| CASTING Summon Small Mammal
  1414 | D:1      | 1414 ||| CASTING Summon Small Mammal
  1415 | D:1      | 1415 ||| CASTING Summon Small Mammal
  1416 | D:1      | 1416 ||| CASTING Summon Small Mammal
  1567 | D:1      | 1567 ||| UPGRADING to +0 chain mail.
  1577 | D:1      | 1577 ||| DROPPING +0 robe.
  1578 | D:1      | 1578 ||| READING scroll labelled XUTILUNOGY.
  1579 | D:1      | 1579 ||| READING scroll labelled CELACI SOWE.
  1580 | D:1      | 1580 ||| READING scroll labelled KOR SIUDOMIMPU.
  1581 | D:1      | 1581 ||| DROPPING potion of magic.
  1608 | D:2      | 1608 ||| STAIRDANCE
  1746 | D:2      | 1746 ||| FLEEEEING.
  1747 | D:2      | 1747 ||| FLEEEEING.
  1748 | D:2      | 1748 ||| FLEEEEING.
  1749 | D:2      | 1749 ||| STAIRDANCE
  1830 | D:2      | 1830 ||| STAIRDANCE
  1890 | D:2      | Reached XP level 4. HP: 31/37 MP: 5/5
  2044 | D:2      | 2044 ||| Stepping ~*~*~tactically~*~*~ (stealth).
  2387 | D:2      | HP: 4/37 [worm (6)]
  2667 | D:2      | 2667 ||| SWAPPING to +0 spear.
  2668 | D:2      | 2668 ||| DROPPING +0 club.
  2725 | D:2      | 2725 ||| Stepping ~*~*~tactically~*~*~ (outnumbered).
  2753 | D:2      | Reached skill level 3 in Axes
  3053 | D:2      | 3053 ||| UPGRADING to +0 pair of gloves.
  3058 | D:2      | 3058 ||| READING scroll labelled RUOXAU KEUZA.
  3059 | D:2      | 3059 ||| READING scroll labelled ZARGHE ZEXUBOC.
  3060 | D:2      | 3060 ||| DRINKING 2 grey potions.
  3063 | D:3      | Noticed Robin
  3089 | D:3      | Killed Robin
  3090 | D:3      | 3090 ||| FLEEEEING.
  3091 | D:3      | 3091 ||| STAIRDANCE
  3141 | D:3      | 3141 ||| STAIRDANCE
  3152 | D:2      | Reached skill level 1 in Armour
  3169 | D:3      | 3169 ||| STAIRDANCE
  3304 | D:3      | 3304 ||| STAIRDANCE
  3348 | D:3      | Reached XP level 5. HP: 42/42 MP: 6/6
  3429 | D:3      | 3429 ||| SWAPPING to +0 hand axe.
  3430 | D:3      | 3430 ||| DROPPING +0 spear.
  3478 | D:3      | Noticed Natasha
  3491 | D:3      | HP: 6/42 [Natasha (8)]
  3492 | D:3      | Slain by an iron imp

Levels and vault maps discovered:
D:1:      amcnicky_arrival_double_pillar, layout_loops_ring,
          hellmonk_ecumenical_altar_watching_god
D:2:      layout_rooms
D:3:      layout_loops_ring, dancing_weapons_uskayaw, item_on_display_a,
          uniq_natasha, uniq_robin

Skill      XL: |  1  2  3  4 |
---------------+-------------+-----
Axes           | 1 2 3 |  3.1
Fighting       | 1 2 |  2.3
Armour         | 1 |  1.0
Dodging        | |  1.7
Stealth        | |  2.1
Spellcasting   | |  1.7
Summonings     | |  3.6

Action                   |  1- 3 |  4- 6 || total
-------------------------+-------+-------++-------
Melee: Club              |   125 |    82 ||   207
       Dagger            |     5 |       ||     5
       Unarmed           |     1 |       ||     1
       Punch             |     1 |       ||     1
       Spear             |       |   123 ||   123
       Hand axe          |       |    12 ||    12
 Cast: Summon Small Mamm |    51 |       ||    51
  Use: Scroll            |     3 |     2 ||     5
       Potion            |       |     1 ||     1
Armor: Robe              |    12 |       ||    12
       Chain mail        |    68 |   197 ||   265
Dodge: Dodged            |    64 |    75 ||   139

Table legend:
 A = Non-vault XP
 B = Vault XP
 C = Vault XP percentage of total XP
 D = Non-vault monster count
 E = Vault monster count
 F = Vault count percentage of total count
                 A         B        C        D         E       F
            +---------+---------+-------+---------+---------+-------
      Total |     144 |      28 |  16.3 |      50 |       8 |  13.8
            +---------+---------+-------+---------+---------+-------
        D:1 |      36 |       0 |   0.0 |      19 |       0 |   0.0
        D:2 |      99 |       6 |   5.7 |      27 |       3 |  10.0
        D:3 |       9 |      22 |  71.0 |       4 |       5 |  55.6
            +---------+---------+-------+---------+---------+-------
